 Dungeon Crawl Stone Soup version 0.17.0-7-gfadd4cc (webtiles) character file.

138 septik the Insei (level 5, -6/33 HPs)
             Began as an Octopode Transmuter on Nov 8, 2015.
             Mangled by an orc warrior
             ... wielding a +0 scimitar
              (9 damage)
             ... on level 4 of the Dungeon.
             The game lasted 00:08:44 (2967 turns).

septik the Insei (Octopode Transmuter)              Turns: 2967, Time: 00:08:44

Health: -6/33      AC:  2    Str:  9    XL:     5   Next: 21%
Magic:  3/8        EV: 20    Int: 16    God:
Gold:   207        SH:  0    Dex: 18    Spells: 2 memorised, 4 levels left

rFire  + . .     SeeInvis +       - Unarmed
rCold  . . .     Clarity  .     (shield currently unavailable)
rNeg   . . .     SustAt   .     (helmet currently unavailable)
rPois  x         Gourm    .     (no amulet)
rElec  .         Spirit   .     n - ring of see invisible
rCorr  .         Warding  .     p - ring of wizardry
rMut   .         Stasis   .     r - ring of protection from magic
MR     +....                    m - ring of protection from fire
Stlth  ++........               (no ring)
                                (no ring)
                                (no ring)
                                (no ring)

@: spider-form, very slightly contaminated, somewhat resistant to hostile
enchantments, unstealthy
A: almost no armour, amphibious, 8 rings, (constrict 8), (camouflage 0),
(gelatinous body 0)
a: End Transformation


You were on level 4 of the Dungeon.
You were not hungry.
You were a venomous arachnid creature.
You visited 1 branch of the dungeon, and saw 4 of its levels.

You collected 207 gold pieces.

Inventory:

Missiles
 a - 12 arrows
 j - 89 stones (quivered)
 v - a throwing net
Armour
 l - a +0 buckler (melded)
Jewellery
 m - a ring of protection from fire (on tentacle)
 n - a ring of see invisible (left front leg)
 p - a ring of wizardry (right front leg)
 r - a ring of protection from magic (on tentacle)
 t - an uncursed ring of wizardry
Scrolls
 d - a scroll of enchant weapon
 e - a scroll of immolation
 i - 3 scrolls of identify
 u - a scroll of noise {unknown}
 w - a scroll of fog {unknown}
 y - a scroll of remove curse {unknown}
 z - a scroll of recharging {unknown}
Potions
 f - a potion of brilliance
 g - a potion of lignification {unknown}
 h - 2 potions of curing {unknown}
 k - a potion of haste {unknown}
 q - a potion of heal wounds {unknown}
 x - a potion of invisibility {unknown}
Books
 b - a book of Changes

   Spells                             Type                      Level
   a - Beastly Appendage              Transmutation                1
   b - Sticks to Snakes               Transmutation                2
   c - Spider Form                    Transmutation/Poison         3
   d - Ice Form                       Ice/Transmutation            4
   e - Blade Hands                    Transmutation                5
Comestibles
 c - 2 bread rations
 o - 2 fruits


   Skills:
 - Level 1.0 Fighting
 - Level 2.0 Dodging
 * Level 0.8 Shields
 + Level 4.2 Unarmed Combat
 - Level 2.0 Spellcasting
 - Level 3.0 Transmutations
 - Level 3.1 Poison Magic


You had 4 spell levels left.
You knew the following spells:

 Your Spells              Type           Power        Failure   Level  Hunger
a - Beastly Appendage     Trmt           ##....       9%          1    #......
b - Spider Form           Trmt/Pois      ##........   16%         3    ###....


Dungeon Overview and Level Annotations

Branches:
Dungeon (4/15)
 Temple: D:4-7

Altars:
Elyvilon


Innate Abilities, Weirdness & Mutations

You cannot wear most types of armour.
You are amphibious.
You can wear up to eight rings at the same time.
((You can use your tentacles to constrict eight enemies at once.))
((Your skin changes colour to match your surroundings (Stealth).))
((Your rubbery body absorbs attacks (AC +1).))


Message History

The orc is severely wounded.
The orc closely misses you.
You hit the orc.
The orc looks even sicker.
The orc is almost dead.
You kill the orc!
The orc priest invokes the aid of Beogh against you.
Something smites you!
The orc warrior hits you with a scimitar!
Ouch! That really hurt!
* * * LOW HITPOINT WARNING * * *
You hit the orc warrior but do no damage.
The orc priest misses you. The orc warrior closely misses you.
You closely miss the orc priest. The orc priest barely misses you.
The orc warrior misses you.
You closely miss the orc warrior.
The orc priest casts a cantrip, but nothing happens.
You hit the orc warrior.
The orc warrior is poisoned.
The orc warrior is moderately wounded.
The orc warrior hits you with a scimitar!
You die...

###
..#
###.#
#<#o#
#.#o#
#.#s#
#..o#
#####


You could see an orc warrior, an orc priest and an orc.

Vanquished Creatures
  A water moccasin skeleton (D:1)
  2 adders (D:3)
  2 oozes
  4 worms (D:2)
  An orc (D:4)
  4 bats (D:1)
  3 giant cockroaches (D:1)
  8 hobgoblins
  2 jackals (D:2)
  A ball python (D:3)
  2 giant geckos (D:1)
  7 giant newts
  6 goblins
  3 kobolds (D:1)
  6 rats
52 creatures vanquished.

Vanquished Creatures (others)
  A quokka (D:2)
1 creature vanquished.

Grand Total: 53 creatures vanquished

Notes
Turn   | Place    | Note
--------------------------------------------------------------
     0 | D:1      | septik the Octopode Transmuter began the quest for the Orb.
     0 | D:1      | Reached XP level 1. HP: 13/13 MP: 3/3
   252 | D:1      | Reached XP level 2. HP: 16/18 MP: 5/5
   703 | D:1      | Reached skill level 4 in Unarmed Combat
   790 | D:1      | Reached XP level 3. HP: 12/23 MP: 6/6
  1065 | D:1      | Learned a level 3 spell: Spider Form
  1452 | D:1      | Reached skill level 1 in Poison Magic
  1457 | D:1      | Reached XP level 4. HP: 9/28 MP: 5/7
  2193 | D:2      | Found a white marble altar of Elyvilon.
  2511 | D:3      | Reached XP level 5. HP: 30/33 MP: 6/8
  2956 | D:4      | Noticed an orc warrior
  2967 | D:4      | Mangled by an orc warrior

Action                   |  1- 3 |  4- 6 || total
-------------------------+-------+-------++-------
Melee: Unarmed           |    86 |    53 ||   139
Throw: Stone             |       |     1 ||     1
 Cast: Beastly Appendage |    11 |    13 ||    24
       Spider Form       |       |     1 ||     1
  Use: Scroll            |       |     3 ||     3
 Stab: Sleeping          |       |     2 ||     2
  Eat: Chunk             |     2 |     5 ||     7
